 Dungeon Crawl Stone Soup version 0.28.0-45-g0d030f2227 (webtiles) character file.

Game seed: 10011811605909125445

109 NinjaNoafa the Stinger (level 4, -2/36 HPs)
             Began as a Draconian Venom Mage on Apr 15, 2022.
             Slain by a gnoll
             ... wielding a +0 halberd
              (12 damage)
             ... on level 2 of the Dungeon.
             The game lasted 00:07:03 (2056 turns).

NinjaNoafa the Stinger (Draconian Venom Mage)       Turns: 2056, Time: 00:07:05

Health: -2/36      AC:  5    Str: 10    XL:     4   Next: 59%
Magic:  3/7        EV: 12    Int: 18    God:
Gold:   46         SH:  0    Dex: 11    Spells: 6/7 levels left

rFire   . . .      SeeInvis .   a - +1 mace (protect)
rCold   . . .      Faith    .   (no shield)
rNeg    . . .      Spirit   .   (armour unavailable)
rPois   .          Reflect  .   (helmet restricted)
rElec   .          Harm     .   (no cloak)
rCorr   .          Rampage  .   (no gloves)
Will    .....                   (no boots)
Stlth   ++........              (no amulet)
HPRegen 0.12/turn               (no ring)
MPRegen 0.10/turn               (no ring)

@: no status effects
A: AC +5, unfitting armour, cold-blooded
a: no special abilities


You were on level 2 of the Dungeon.
You visited 1 branch of the dungeon, and saw 2 of its levels.

You collected 46 gold pieces.

Inventory:

Hand Weapons
 a - a +1 mace of protection (weapon)
Missiles
 b - 54 stones
 i - 2 poisoned darts
Scrolls
 c - 4 scrolls of identify {unknown}
 f - a scroll of fog {unknown}
 m - a scroll of teleportation {unknown}
Potions
 d - a potion of attraction {unknown}
 e - a potion of mutation {unknown}
 g - a potion of heal wounds {unknown}
 h - a potion of ambrosia {unknown}
 j - a potion of berserk rage {unknown}
 k - a potion of degeneration {unknown}
 l - a potion of lignification {unknown}


   Skills:
 * Level 2.0 Fighting
 * Level 2.7 Dodging
 - Level 1.7 Stealth
 + Level 2.4 Spellcasting
 + Level 1.8 Transmutations
 + Level 0.8 Air Magic
 + Level 3.4 Poison Magic


You had 6 spell levels left.
You knew the following spells:

 Your Spells              Type           Power      Damage    Failure   Level
a - Sting                 Tmut/Pois      44%        1d5       6%          1

Your spell library contained the following spells:

 Spells                   Type           Power      Damage    Failure   Level
 Poisonous Vapours        Pois/Air       18%        N/A       11%         2
 Mephitic Cloud           Conj/Pois/Air  7%         N/A       28%         3
 Olgreb's Toxic Radiance  Pois           14%        N/A       38%         4


Dungeon Overview and Level Annotations

Branches:
Dungeon (2/15)

Altars:
Qazlal

Shops:
D:1 :


Innate Abilities, Weirdness & Mutations

Your plain brown scales are hard. (AC +5)
You cannot fit into any form of body armour.
You are cold-blooded and may be slowed by cold attacks.


Message History

Confirm with . or Enter, or press ? or * to list all spells.
Aiming: Sting (safe; 6% risk of failure)
Press: ? - help, Shift-Dir - straight line, f - gnoll, p - gnoll
Aim: a gnoll, wielding a +0 halberd (75% to hit)
The sting hits the gnoll but does no damage.
The gnoll looks even sicker.
The gnoll is lightly wounded.
The gnoll misses you.
Casting: Sting (safe; 6% risk of failure)
Confirm with . or Enter, or press ? or * to list all spells.
Aiming: Sting (safe; 6% risk of failure)
Press: ? - help, Shift-Dir - straight line, f/p - gnoll
Aim: a gnoll, wielding a +0 halberd (75% to hit)
The sting hits the gnoll.
The gnoll is poisoned.
The gnoll is lightly wounded.
The gnoll closely misses you.
The gnoll hits you from afar with a +0 halberd!
Casting: Sting (safe; 6% risk of failure)
Confirm with . or Enter, or press ? or * to list all spells.
Aiming: Sting (safe; 6% risk of failure)
Press: ? - help, Shift-Dir - straight line, f - gnoll, p - gnoll
Aim: a gnoll, wielding a +0 halberd (75% to hit)
The sting hits the gnoll.
The gnoll is poisoned.
The gnoll is lightly wounded.
The gnoll hits you but does no damage. The gnoll barely misses you.
The gnoll hits you from afar with a +0 halberd!
* * * LOW HITPOINT WARNING * * *
The gnoll looks more healthy.
The gnoll looks more healthy.
You kill the gnoll!
Your Fighting skill increases to level 2!
Casting: Sting (safe; 6% risk of failure)
Confirm with . or Enter, or press ? or * to list all spells.
Aiming: Sting (safe; 6% risk of failure)
Press: ? - help, Shift-Dir - straight line, f - gnoll, p - gnoll
Aim: a gnoll, wielding a +0 halberd (heavily wounded, 75% to hit)
The sting hits the gnoll.
The gnoll is poisoned.
The gnoll is severely wounded.
The gnoll hits you from afar with a +0 halberd!
You die...

.## #..# ## #.. ########
........ ...#####
....... #####.# #######
# ### ...#.....# # ..#
#..#.@#..# # #.#
#..#..#..# ## #.#
..#.g#..# . #.##
#.##g##.## #######..#
#..#..#..# .........#
#gg#..#..#
..##.###.####..#..#..###
..##..##...)#.....#....#
#.#..[...##.##########.#


You could see 2 gnolls.

Vanquished Creatures
  2 adders (D:2)
  4 gnolls (D:2)
  A worm (D:2)
  3 endoplasms
  2 giant cockroaches
  4 goblins
  5 hobgoblins
  3 jackals (D:2)
  4 quokkas
  5 ball pythons
  5 bats
  3 frilled lizards
  5 kobolds
  2 rats (D:1)
48 creatures vanquished.

Notes
Turn   | Place    | Note
-------+----------+-------------------------------------------
     0 | D:1      | NinjaNoafa the Draconian Venom Mage began the quest for the
                  | Orb.
     0 | D:1      | Reached XP level 1. HP: 14/14 MP: 3/3
   360 | D:1      | Reached XP level 2. HP: 22/22 MP: 1/5
   989 | D:1      | Reached skill level 1 in Fighting
   990 | D:1      | Found Uptaahoe's Book Emporium.
  1261 | D:2      | Reached XP level 3. HP: 26/28 MP: 3/6
  1328 | D:2      | Found a stormy altar of Qazlal.
  1555 | D:2      | Reached XP level 4. HP: 33/35 MP: 3/7
  2056 | D:2      | Slain by a gnoll

Illustrated notes

Levels and vault maps discovered:
D:1:      dpeg_arrival_snail, layout_loops_corners, serial_shops, shop
D:2:      minmay_angry_zag, layout_loops_ring, basic_altar,
          dilly_ecumenical_altar_fadedgnrine, minmay_pentomino_p4

Skill      XL: |  1  2  3  4 |
---------------+-------------+-----
Dodging        | 2 |  2.7
Fighting       | 1 2 |  2.0
Stealth        | |  1.7
Spellcasting   | |  2.4
Transmutations | |  1.8
Air Magic      | |  0.8
Poison Magic   | |  3.4

Action                   |  1- 3 |  4- 6 || total
-------------------------+-------+-------++-------
Melee: Mace              |    30 |    20 ||    50
       Tailslap          |     4 |     1 ||     5
       Punch             |     1 |       ||     1
 Cast: Sting             |    43 |    23 ||    66
Armor: Skin              |    23 |    16 ||    39
Dodge: Dodged            |    47 |    26 ||    73
